 Dungeon Crawl Stone Soup version 0.31-a0-188-g5e087ee2ca (webtiles) character file.

Game seed: 4957302241169800309

189 qw the Skirmisher (level 5, -4/29 HPs)
             Began as a Deep Elf Hunter on June 22, 2023.
             Slain by Natasha (6 damage)
             ... on level 3 of the Dungeon.
             The game lasted 00:00:43 (2108 turns).

qw the Skirmisher (Deep Elf Hunter)                 Turns: 2108, Time: 00:00:44

Health: -4/29      AC:  5    Str: 10    XL:     5   Next: 40%
Magic:  7/7        EV: 11    Int: 14    God:
Gold:   103        SH:  0    Dex: 18    Spells: 4/4 levels left

rFire   . . .        m - +2 orcbow (freeze)
rCold   . . .        (shield currently unavailable)
rNeg    + . .        i - +0 ring mail
rPois   .            (no helmet)
rElec   .            (no cloak)
rCorr   .            (no gloves)
SInv    .            (no boots)
Will    .....        (no amulet)
Stlth   +            j - ring of positive energy
HPRegen 0.24/turn    (no ring)
MPRegen 0.10/turn

%: no passive effects
@: no status effects
A: no striking features
a: no special abilities


You were on level 3 of the Dungeon.
You visited 1 branch of the dungeon, and saw 4 of its levels.

You collected 103 gold pieces.


   Skills:
 - Level 1.5 Fighting
 + Level 8.9 Ranged Weapons
 - Level 2.4 Dodging
 - Level 1.2 Stealth


You had 4 spell levels left.
You didn't know any spells.
Your spell library was empty.

Inventory:

Hand Weapons
 m - a +2 orcbow of freezing (weapon)
Armour
 i - a +0 ring mail (worn)
Jewellery
 c - a ring of magical power
 j - a ring of positive energy (left hand)
 l - an amulet of faith
 o - a ring of see invisible
Scrolls
 n - a scroll of blinking {unknown}
Potions
 a - 2 potions of ambrosia {unknown}
 b - a potion of heal wounds {unknown}
 d - a potion of lignification {unknown}
 e - 2 potions of curing
 f - a potion of degeneration {unknown}
 g - a potion of berserk rage {unknown}
 h - a potion of magic {unknown}
 k - a potion of mutation {unknown}

Dungeon Overview and Level Annotations

Branches:
Dungeon (4/15)
 Temple: D:4-7

Altars:

Shops:
D:1 :=

Annotations:
D:3 Ijyb, Natasha


Message History

Enter note: You shoot an arrow.
The arrow hits Ijyb but does no damage.
The grasping roots constrict you.
You shoot an arrow. The arrow closely misses Ijyb.
The grasping roots constrict you.
A frilled lizard comes into view.
Ijyb misses you. The grasping roots constrict you.
You shoot an arrow. The arrow closely misses Ijyb.
Ijyb hits you but does no damage. The grasping roots constrict you.
You shoot an arrow. The arrow hits Ijyb.
The arrow freezes Ijyb.
Ijyb is lightly wounded.
Ijyb closely misses you. The grasping roots constrict you.
Natasha, Servant of Life and Death comes into view.
The grasping roots release their grip on you.
You shoot an arrow. The arrow hits Ijyb.
The arrow freezes Ijyb.
Ijyb is moderately wounded.
Ijyb barely misses you.
You shoot an arrow. The arrow hits Ijyb but does no damage.
Ijyb is moderately wounded.
Ijyb hits you but does no damage.
You shoot an arrow. The arrow closely misses Ijyb.
The arrow hits the frilled lizard.
The arrow freezes the frilled lizard.
You kill the frilled lizard!
Ijyb zaps a wand.
The roots erupt in riotous growth!
The grasping roots grab you!
Ijyb is unaffected.
The grasping roots constrict you. Ijyb closely misses you.
The grasping roots constrict you.
You shoot an arrow. The arrow completely misses Ijyb.
The arrow barely misses Natasha.
Ijyb closely misses you. The grasping roots constrict you.
You shoot an arrow. The arrow hits Ijyb but does no damage.
Ijyb is moderately wounded.
Ijyb barely misses you. The grasping roots constrict you.
The grasping roots release their grip on you.
You shoot an arrow. The arrow hits Ijyb!
The arrow freezes Ijyb.
Ijyb is severely wounded.
Natasha claws you but does no damage. Ijyb hits you with a +0 dagger.
You shoot an arrow. The arrow completely misses Ijyb.
Natasha closely misses you. Ijyb barely misses you. Natasha claws you.
You die...

... ....... ...
...#... #.#..> #.#
....... # ##.. #.#
........ #. ##.
#.##############......
..<.#.##.
#.##.................
.......<.
#.##.#####.######..#
#.######. .....#
#.######g.# #. #.####
#.#....@h.# ..
#.########.#.#####.#
## #..........#.# #
#............#
##############


You could see Ijyb and Natasha.

Vanquished Creatures
  Jessica (D:2)
  An orc wizard (D:3)
  Natasha (D:3)
  4 adders
  2 worms
  A dart slug (D:2)
  5 orcs (D:3)
  5 ball pythons
  A bat (D:2)
  11 endoplasms
  3 giant cockroaches
  7 goblins
  4 hobgoblins
  4 jackals (D:2)
  4 quokkas
  3 frilled lizards
  4 kobolds
  3 rats
64 creatures vanquished.

Notes
Turn   | Place    | Note
-------+----------+-------------------------------------------
     0 | D:1      | qw the Deep Elf Hunter began the quest for the Orb.
     0 | D:1      | Reached XP level 1. HP: 12/12 MP: 3/3
     0 | D:1      | 0 ||| qw: Version: 0.3-a-9-g12657ce
     0 | D:1      | 0 ||| qw: Game counter: 2887
     0 | D:1      | 0 ||| qw: Always use a shield: true
     0 | D:1      | 0 ||| qw: God list: Okawaru
     0 | D:1      | 0 ||| qw: Allow faded altars: false
     0 | D:1      | 0 ||| qw: Do Orc after D:15 true
     0 | D:1      | 0 ||| qw: Do second Lair branch before Depths: true
     0 | D:1      | 0 ||| qw: Lair rune preference: random
     0 | D:1      | 0 ||| qw: Plans: Normal
     0 | D:1      | 0 ||| PLANNING D:1-11
   180 | D:1      | Found Wir Eleegaor's Jewellery Boutique.
   186 | D:1      | Reached skill level 6 in Ranged Weapons
   186 | D:1      | Reached XP level 2. HP: 10/16 MP: 4/4
   218 | D:1      | 218 ||| SHOPLISTING amulet of Domahul {Spirit Regen+ rCorr}
                  | (426 gold, have 0).
   218 | D:1      | 218 ||| SHOPLISTING amulet of faith (400 gold, have 0).
   218 | D:1      | 218 ||| SHOPLISTING amulet of the acrobat (300 gold, have
                  | 0).
   218 | D:1      | 218 ||| SHOPLISTING ring of protection from cold (250 gold,
                  | have 0).
   652 | D:1      | Found Jolix's Book Emporium.
   785 | D:1      | 785 ||| READING scroll labelled ROTERE ITAICH.
   786 | D:1      | 786 ||| DRINKING 3 viscous inky potions.
   787 | D:1      | 787 ||| DROPPING scroll of butterflies.
   882 | D:2      | Reached XP level 3. HP: 20/20 MP: 5/5
   905 | D:2      | You fall into a shaft and drop 2 floors!
   926 | D:3      | Reached skill level 7 in Ranged Weapons
   981 | D:3      | Noticed Natasha
   984 | D:3      | Killed Natasha
   985 | D:3      | Reached XP level 4. HP: 22/25 MP: 6/6
  1178 | D:2      | Identified the +10 rapier "Kioth" {heavy, Int+3 Dex-4 SInv}
  1383 | D:2      | Noticed Jessica
  1389 | D:2      | Killed Jessica
  1390 | D:2      | Reached skill level 8 in Ranged Weapons
  1683 | D:2      | 1683 ||| UPGRADING to +0 ring mail.
  1693 | D:2      | 1693 ||| DROPPING +0 leather armour.
  1694 | D:2      | 1694 ||| UPGRADING to ring of positive energy.
  1695 | D:2      | 1695 ||| READING scroll labelled RUSEWERRUN.
  1765 | D:3      | 1765 ||| SWAPPING to +2 orcbow of freezing.
  1766 | D:3      | 1766 ||| DROPPING +0 heavy shortbow.
  1782 | D:3      | Reached XP level 5. HP: 29/29 MP: 7/7
  1933 | D:3      | 1933 ||| Stepping ~*~*~tactically~*~*~ (outnumbered).
  2097 | D:3      | Noticed Ijyb
  2101 | D:3      | Noticed Natasha
  2106 | D:3      | HP: 6/29 [constriction (6)]
  2107 | D:3      | HP: 2/29 [Ijyb/+0 dagger (5)]
  2108 | D:3      | Slain by Natasha

Levels and vault maps discovered:
D:1:      minmay_arrival_solitary_statue, layout_basic, serial_shops, shop,
          shop, minmay_misc_feat_x, kennysheep_decorative_pillar,
          grunt_decor_mini_mirrors
D:2:      layout_loops_ring, item_on_display_a, uniq_jessica
D:3:      layout_loops_ring, minmay_misc_feat_rows,
          chequers_serial_rivers_micro_d, minmay_cut_off, uniq_ijyb,
          uniq_natasha
D:4:      layout_loops_corners

Skill      XL: |  1  2  3  4 |
---------------+-------------+-----
Ranged Weapons | 6 7 8 |  8.9
Fighting       | |  1.5
Dodging        | |  2.4
Stealth        | |  1.2

Action                     |  1- 3 |  4- 6 || total
---------------------------+-------+-------++-------
   Fire: Shortbow          |    75 |    47 ||   122
         Orcbow            |       |    41 ||    41
    Use: Scroll            |     1 |     1 ||     2
         Potion            |     1 |       ||     1
 Armour: Leather armour    |     3 |     4 ||     7
         Ring mail         |       |     4 ||     4
  Dodge: Dodged            |     9 |    22 ||    31

Table legend:
 A = Non-vault XP
 B = Vault XP
 C = Vault XP percentage of total XP
 D = Non-vault monster count
 E = Vault monster count
 F = Vault count percentage of total count
                 A         B        C        D         E       F
            +---------+---------+-------+---------+---------+-------
      Total |     197 |      74 |  27.3 |      59 |       5 |   7.8
            +---------+---------+-------+---------+---------+-------
        D:1 |      25 |       0 |   0.0 |      14 |       0 |   0.0
        D:2 |      66 |      37 |  35.9 |      21 |       1 |   4.5
        D:3 |     106 |      37 |  25.9 |      24 |       4 |  14.3
            +---------+---------+-------+---------+---------+-------
